2805 views
Uploaded 2021-10-01 11:46:44
Game version 1.32.10
37:50 long 3on3 ladder game on (6)ThunderLake_LV
Saved by xzz
2805 views
Uploaded 2021-10-01 11:46:44
Game version 1.32.10
37:50 long 3on3 ladder game on (6)ThunderLake_LV


145 units @ 21.7k
/ 3.3k
69 buildings @ 11.5k
/ 4.9k


| Scroll of Town Portal | 3 | 1050 |
| total: | 3 | 1050g |
| Wisp | 15 | 900 | / | 0 |
| Archer | 8 | 1040 | / | 80 |
| Dryad | 16 | 2320 | / | 960 |
| Mountain Giant | 6 | 2100 | / | 600 |
| total: | 45 | 6360g | / | 1640w |
| Altar of Elders | 1 | 180 | / | 50 |
| Moon Well | 7 | 1260 | / | 280 |
| Ancient of War | 1 | 150 | / | 60 |
| Ancient of Wonders | 1 | 90 | / | 30 |
| Hunter's Hall | 1 | 210 | / | 100 |
| Tree of Life | 2 | 680 | / | 370 |
| Ancient of Lore | 2 | 310 | / | 290 |
| Tree of Ages | 1 | 320 | / | 180 |
| Tree of Eternity | 1 | 330 | / | 200 |
| total: | 15 | 2880g | / | 1180w |
| 0:03 | Wisp |
| 0:03 | Wisp |
| 0:03 | Wisp |
| 0:10 | Altar of Elders |
| 0:22 | Moon Well |
| 0:35 | Ancient of War |
| 0:44 | Wisp |
| 1:01 | Wisp |
| 1:01 | Wisp |
| 1:26 | Wisp |
| 1:35 | Moon Well |
| 1:40 | Archer |
| 1:53 | Ancient of Wonders |
| 1:54 | Wisp |
| 2:04 | Archer |
| 2:21 | Force of Nature |
| 2:30 | Archer |
| 3:02 | Tree of Ages |
| 3:08 | Moon Well |
| 3:48 | Archer |
| 4:05 | Hunter's Hall |
| 4:25 | Entangling Roots |
| 4:48 | Archer |
| 5:04 | Tree of Life |
| 5:28 | Wisp |
| 5:28 | Wisp |
| 5:45 | Ancient of Lore |
| 6:07 | Archer |
| 6:23 | Archer |
| 6:55 | Archer |
| 7:21 | Dryad |
| 7:36 | Ancient of Lore |
| 8:01 | Dryad |
| 8:09 | Wisp |
| 8:09 | Wisp |
| 8:09 | Wisp |
| 8:10 | Wisp |
| 8:25 | Dryad |
| 8:38 | Abolish Magic |
| 8:51 | Moon Well |
| 8:59 | Trueshot Aura |
| 9:34 | Force of Nature |
| 10:02 | Moon Well |
| 10:04 | Mountain Giant |
| 10:09 | Wisp |
| 11:55 | Dryad |
| 12:21 | Scroll of Town Portal |
| 12:49 | Dryad |
| 13:39 | Dryad |
| 13:40 | Mountain Giant |
| 14:18 | Scroll of Town Portal |
| 14:37 | Moon Well |
| 15:08 | Dryad |
| 15:36 | Dryad |
| 16:12 | Dryad |
| 16:21 | Reinforced Hides |
| 16:34 | Dryad |
| 17:05 | Scroll of Town Portal |
| 17:31 | Thorns Aura |
| 18:02 | Dryad |
| 18:07 | Strength of the Wild |
| 18:17 | Mountain Giant |
| 18:18 | Mountain Giant |
| 18:39 | Tree of Eternity |
| 20:28 | Force of Nature |
| 20:46 | Trueshot Aura |
| 20:47 | Searing Arrows |
| 21:28 | Improved Reinforced Hides |
| 21:42 | Hardened Skin |
| 21:43 | Resistant Skin |
| 21:45 | Moon Well |
| 21:55 | Searing Arrows |
| 22:34 | Dryad |
| 22:34 | Dryad |
| 22:34 | Dryad |
| 22:34 | Dryad |
| 22:58 | Tranquility |
| 22:59 | Tranquility |
| 23:00 | Tranquility |
| 23:00 | Tranquility |
| 24:14 | Dryad |
| 24:42 | Mountain Giant |
| 25:29 | Strength of the Moon |
| 25:30 | Improved Strength of the Wild |
| 26:25 | Mountain Giant |
| 27:39 | Tree of Life |
| 28:34 | Thorns Aura |
| 30:21 | Trueshot Aura |
| Right click | 722 |
| Select | 488 |
| Select group | 481 |
| Build/train/purchase | 113 |
| Resource trade | 65 |
| Assign group | 45 |
| Use ability | 31 |
| Chat | 14 |
| Minimap ping | 8 |
| Remove unit | 1 |

| Rod of Necromancy | 5 | 750 |
| Sacrificial Skull | 1 | 50 |
| Ritual Dagger | 1 | 125 |
| Potion of Mana | 11 | 2200 |
| Orb of Corruption | 1 | 375 |
| Potion of Healing | 4 | 600 |
| Boots of Speed | 1 | 250 |
| Staff of Teleportation | 1 | 150 |
| total: | 25 | 4500g |
| Acolyte | 14 | 1050 | / | 0 |
| Ghoul | 7 | 840 | / | 0 |
| Crypt Fiend | 11 | 2365 | / | 440 |
| Abomination | 7 | 1680 | / | 490 |
| Gargoyle | 2 | 350 | / | 60 |
| Obsidian Statue | 5 | 1000 | / | 175 |
| Frost Wyrm | 1 | 385 | / | 120 |
| total: | 47 | 7670g | / | 1285w |
| Nerubian Tower | 2 | 200 | / | 40 |
| Crypt | 3 | 600 | / | 150 |
| Altar of Darkness | 2 | 360 | / | 100 |
| Ziggurat | 9 | 1350 | / | 450 |
| Tomb of Relics | 3 | 390 | / | 90 |
| Graveyard | 1 | 215 | / | 0 |
| Necropolis | 2 | 450 | / | 0 |
| Slaughterhouse | 6 | 840 | / | 810 |
| Boneyard | 1 | 175 | / | 200 |
| Halls of the Dead | 1 | 320 | / | 210 |
| Black Citadel | 1 | 325 | / | 230 |
| total: | 27 | 4380g | / | 1800w |
| 0:03 | Acolyte |
| 0:03 | Acolyte |
| 0:05 | Crypt |
| 0:20 | Acolyte |
| 0:36 | Crypt |
| 0:37 | Altar of Darkness |
| 0:39 | Acolyte |
| 0:40 | Acolyte |
| 0:42 | Altar of Darkness |
| 0:51 | Ziggurat |
| 1:11 | Ghoul |
| 1:13 | Tomb of Relics |
| 1:17 | Tomb of Relics |
| 1:57 | Ziggurat |
| 2:05 | Ghoul |
| 2:05 | Ghoul |
| 2:16 | Ghoul |
| 2:41 | Cannibalize |
| 2:52 | Frost Nova |
| 2:52 | Rod of Necromancy |
| 2:52 | Sacrificial Skull |
| 3:14 | Ziggurat |
| 3:16 | Ziggurat |
| 3:33 | Ghoul |
| 3:43 | Dark Ritual |
| 3:47 | Acolyte |
| 4:04 | Graveyard |
| 4:09 | Crypt |
| 4:18 | Nerubian Tower |
| 4:30 | Boots of Speed |
| 4:42 | Staff of Teleportation |
| 5:09 | Acolyte |
| 5:09 | Acolyte |
| 5:09 | Acolyte |
| 5:26 | Acolyte |
| 5:37 | Necropolis |
| 6:03 | Tomb of Relics |
| 6:10 | Halls of the Dead |
| 6:36 | Crypt Fiend |
| 7:31 | Crypt Fiend |
| 7:31 | Crypt Fiend |
| 8:31 | Necropolis |
| 8:49 | Ghoul |
| 8:53 | Ghoul |
| 9:10 | Ziggurat |
| 9:10 | Ziggurat |
| 9:40 | Burrow |
| 9:48 | Rod of Necromancy |
| 9:53 | Ritual Dagger |
| 9:59 | Black Citadel |
| 10:31 | Ziggurat |
| 10:34 | Crypt Fiend |
| 10:50 | Potion of Mana |
| 10:50 | Potion of Mana |
| 10:55 | Potion of Mana |
| 11:13 | Crypt Fiend |
| 11:30 | Frost Nova |
| 11:34 | Crypt Fiend |
| 12:10 | Slaughterhouse |
| 12:11 | Slaughterhouse |
| 12:11 | Slaughterhouse |
| 12:12 | Slaughterhouse |
| 12:33 | Unholy Armor |
| 12:35 | Slaughterhouse |
| 12:36 | Slaughterhouse |
| 12:39 | Ziggurat |
| 12:39 | Ziggurat |
| 12:58 | Potion of Mana |
| 13:00 | Orb of Corruption |
| 13:05 | Web |
| 14:01 | Abomination |
| 14:05 | Gargoyle |
| 14:05 | Gargoyle |
| 14:07 | Crypt Fiend |
| 14:07 | Crypt Fiend |
| 14:08 | Improved Unholy Armor |
| 14:28 | Nerubian Tower |
| 14:53 | Dark Ritual |
| 15:20 | Abomination |
| 15:24 | Potion of Mana |
| 15:24 | Potion of Mana |
| 15:35 | Frost Nova |
| 15:43 | Rod of Necromancy |
| 15:44 | Rod of Necromancy |
| 15:44 | Rod of Necromancy |
| 16:31 | Disease Cloud |
| 17:12 | Destroyer Form |
| 17:59 | Dark Ritual |
| 18:10 | Obsidian Statue |
| 18:20 | Potion of Healing |
| 18:27 | Potion of Mana |
| 18:32 | Obsidian Statue |
| 18:34 | Crypt Fiend |
| 18:34 | Crypt Fiend |
| 19:10 | Potion of Healing |
| 19:10 | Potion of Healing |
| 19:10 | Potion of Healing |
| 20:34 | Abomination |
| 20:34 | Abomination |
| 21:17 | Acolyte |
| 22:11 | Potion of Mana |
| 22:11 | Potion of Mana |
| 22:11 | Potion of Mana |
| 22:11 | Potion of Mana |
| 22:29 | Death and Decay |
| 23:01 | Acolyte |
| 23:01 | Acolyte |
| 23:27 | Frost Armor |
| 23:59 | Obsidian Statue |
| 25:03 | Abomination |
| 25:03 | Obsidian Statue |
| 25:03 | Abomination |
| 27:21 | Obsidian Statue |
| 28:46 | Acolyte |
| 29:56 | Boneyard |
| 32:08 | Abomination |
| 32:09 | Crypt Fiend |
| 32:21 | Frost Wyrm |
| Right click | 2030 |
| Select | 986 |
| Select group | 689 |
| Build/train/purchase | 212 |
| Assign group | 158 |
| Use ability | 146 |
| Misc. action | 91 |
| Esc | 8 |
| Resource trade | 5 |
| Item give/drop | 3 |
| Minimap ping | 2 |


| Scroll of Town Portal | 2 | 700 |
| total: | 2 | 700g |
| Peon | 15 | 1125 | / | 0 |
| Grunt | 20 | 4000 | / | 0 |
| Troll Headhunter | 18 | 2520 | / | 360 |
| total: | 53 | 7645g | / | 360w |
| Watch Tower | 11 | 1210 | / | 880 |
| Altar of Storms | 1 | 180 | / | 50 |
| Orc Burrow | 8 | 1280 | / | 320 |
| Barracks | 2 | 360 | / | 100 |
| War Mill | 1 | 205 | / | 0 |
| Voodoo Lounge | 1 | 130 | / | 30 |
| Great Hall | 2 | 770 | / | 370 |
| Beastiary | 1 | 145 | / | 140 |
| Stronghold | 1 | 315 | / | 190 |
| total: | 27 | 4280g | / | 1890w |
| 0:03 | Peon |
| 0:16 | Altar of Storms |
| 0:19 | Peon |
| 0:31 | Orc Burrow |
| 0:35 | Peon |
| 0:44 | Barracks |
| 1:10 | Peon |
| 1:14 | Peon |
| 1:56 | Barracks |
| 2:07 | Grunt |
| 2:21 | Feral Spirit |
| 2:48 | Grunt |
| 2:59 | Orc Burrow |
| 3:14 | Orc Burrow |
| 3:38 | War Mill |
| 4:11 | Grunt |
| 4:13 | Peon |
| 4:38 | Grunt |
| 5:16 | Troll Headhunter |
| 5:18 | Troll Headhunter |
| 5:19 | Chain Lighting |
| 5:30 | Steel Armor |
| 5:55 | Troll Headhunter |
| 5:58 | Peon |
| 7:02 | Troll Headhunter |
| 7:02 | Grunt |
| 7:16 | Steel Melee Weapons |
| 8:15 | Stronghold |
| 8:30 | Troll Headhunter |
| 9:13 | Feral Spirit |
| 9:27 | Grunt |
| 9:36 | Steel Ranged Weapons |
| 9:37 | Spiked Barricades |
| 9:51 | Voodoo Lounge |
| 10:30 | Grunt |
| 11:46 | Berserker Strength |
| 11:48 | Troll Regeneration |
| 12:19 | Troll Headhunter |
| 12:20 | Grunt |
| 12:28 | Beastiary |
| 12:43 | Troll Headhunter |
| 12:43 | Troll Headhunter |
| 12:59 | Watch Tower |
| 13:17 | Troll Headhunter |
| 13:31 | Chain Lighting |
| 13:48 | Thorium Armor |
| 13:52 | Watch Tower |
| 14:49 | Great Hall |
| 14:55 | Watch Tower |
| 15:03 | Scroll of Town Portal |
| 15:32 | Watch Tower |
| 15:39 | Watch Tower |
| 15:56 | Troll Headhunter |
| 15:56 | Troll Headhunter |
| 16:34 | Orc Burrow |
| 16:34 | Orc Burrow |
| 16:55 | Grunt |
| 16:55 | Grunt |
| 17:38 | Watch Tower |
| 17:42 | Watch Tower |
| 17:45 | Watch Tower |
| 17:48 | Watch Tower |
| 18:00 | Peon |
| 18:01 | Peon |
| 18:23 | Feral Spirit |
| 18:29 | Watch Tower |
| 18:39 | Peon |
| 18:41 | Peon |
| 18:42 | Peon |
| 18:42 | Peon |
| 19:46 | Troll Headhunter |
| 19:47 | Grunt |
| 19:59 | Thorium Melee Weapons |
| 20:16 | Peon |
| 20:17 | Peon |
| 20:30 | Watch Tower |
| 21:14 | Troll Headhunter |
| 21:15 | Grunt |
| 21:18 | Thorium Ranged Weapons |
| 22:02 | Scroll of Town Portal |
| 22:58 | Earth Quake |
| 23:05 | Troll Headhunter |
| 23:05 | Grunt |
| 23:41 | Shockwave |
| 23:45 | Grunt |
| 23:50 | Orc Burrow |
| 24:09 | Orc Burrow |
| 24:12 | Orc Burrow |
| 25:11 | Chain Lighting |
| 25:17 | Troll Headhunter |
| 25:17 | Grunt |
| 26:15 | Grunt |
| 26:16 | Troll Headhunter |
| 27:13 | Great Hall |
| 29:16 | Troll Headhunter |
| 29:16 | Troll Headhunter |
| 30:41 | Grunt |
| 30:41 | Grunt |
| 32:03 | Grunt |
| 32:04 | Grunt |
| Right click | 967 |
| Select group | 479 |
| Select | 392 |
| Build/train/purchase | 102 |
| Assign group | 71 |
| Misc. action | 61 |
| Use ability | 19 |
| Resource trade | 6 |
| Minimap ping | 2 |
169 units @ 27.2k
/ 4.1k
78 buildings @ 10.9k
/ 4.8k
⇛
MayFlower
(32:28) : 


| Healing Salve | 8 | 800 |
| Orb of Lightning | 1 | 375 |
| Potion of Healing | 3 | 450 |
| Lesser Clarity Potion | 5 | 350 |
| Scroll of Town Portal | 5 | 1750 |
| total: | 22 | 3725g |
| Peon | 11 | 825 | / | 0 |
| Grunt | 18 | 3600 | / | 0 |
| Shaman | 12 | 1560 | / | 240 |
| Tauren | 16 | 4480 | / | 1280 |
| Goblin Shredder | 2 | 750 | / | 200 |
| total: | 59 | 11215g | / | 1720w |
| Watch Tower | 8 | 880 | / | 640 |
| Altar of Storms | 1 | 180 | / | 50 |
| Orc Burrow | 6 | 960 | / | 240 |
| Barracks | 1 | 180 | / | 50 |
| Voodoo Lounge | 1 | 130 | / | 30 |
| Great Hall | 2 | 770 | / | 370 |
| War Mill | 1 | 205 | / | 0 |
| Spirit Lodge | 1 | 150 | / | 150 |
| Tauren Totem | 1 | 135 | / | 155 |
| Stronghold | 1 | 315 | / | 190 |
| Fortress | 1 | 325 | / | 190 |
| total: | 22 | 3590g | / | 1685w |
| 0:02 | Peon |
| 0:02 | Peon |
| 0:05 | Altar of Storms |
| 0:08 | Orc Burrow |
| 0:15 | Peon |
| 0:39 | Peon |
| 0:47 | Barracks |
| 0:58 | Peon |
| 1:06 | Peon |
| 1:20 | Peon |
| 1:29 | Orc Burrow |
| 1:36 | Peon |
| 1:56 | Grunt |
| 2:09 | Feral Spirit |
| 2:09 | Feral Spirit |
| 2:21 | Voodoo Lounge |
| 2:25 | Peon |
| 2:25 | Peon |
| 2:48 | Grunt |
| 3:03 | Grunt |
| 3:33 | Grunt |
| 4:00 | Stronghold |
| 4:13 | Chain Lighting |
| 4:43 | Great Hall |
| 4:49 | War Mill |
| 5:06 | Healing Salve |
| 5:24 | Orc Burrow |
| 5:33 | Orc Burrow |
| 6:00 | Orc Burrow |
| 6:14 | Watch Tower |
| 6:51 | Feral Spirit |
| 7:15 | Fortress |
| 7:24 | Berserker Strength |
| 7:45 | Goblin Shredder |
| 7:45 | Goblin Shredder |
| 8:03 | Healing Wave |
| 8:30 | Spirit Lodge |
| 8:36 | Peon |
| 9:18 | Grunt |
| 9:18 | Grunt |
| 9:45 | Shaman Adept Training |
| 9:47 | Grunt |
| 10:23 | Orc Burrow |
| 10:24 | Steel Armor |
| 10:24 | Thorium Armor |
| 10:25 | Steel Melee Weapons |
| 10:41 | Endurance Aura |
| 10:43 | Orb of Lightning |
| 10:43 | Potion of Healing |
| 10:56 | Shaman Master Training |
| 10:56 | Shaman |
| 10:57 | Shaman |
| 10:57 | Shaman |
| 11:10 | Tauren Totem |
| 11:11 | Grunt |
| 11:11 | Grunt |
| 11:42 | Chain Lighting |
| 11:53 | Scroll of Town Portal |
| 11:57 | Healing Salve |
| 12:08 | Potion of Healing |
| 12:25 | Pulverize |
| 12:25 | Tauren |
| 12:26 | Tauren |
| 12:37 | Hex |
| 12:47 | Shaman |
| 12:54 | Scroll of Town Portal |
| 13:03 | Arcanite Armor |
| 13:30 | Grunt |
| 13:30 | Grunt |
| 14:01 | Scroll of Town Portal |
| 14:09 | Healing Salve |
| 14:10 | Lesser Clarity Potion |
| 14:19 | Tauren |
| 14:19 | Tauren |
| 15:01 | Tauren |
| 15:01 | Tauren |
| 15:16 | Healing Wave |
| 15:20 | War Stomp |
| 15:56 | Grunt |
| 15:56 | Grunt |
| 15:58 | Shaman |
| 16:03 | Lesser Clarity Potion |
| 16:09 | Healing Salve |
| 16:31 | Scroll of Town Portal |
| 16:44 | Lesser Clarity Potion |
| 17:29 | Tauren |
| 17:31 | Grunt |
| 17:39 | Hex |
| 17:56 | Healing Salve |
| 17:56 | Lesser Clarity Potion |
| 18:16 | Tauren |
| 18:16 | Tauren |
| 18:32 | Shaman |
| 18:32 | Shaman |
| 19:48 | Grunt |
| 19:49 | Grunt |
| 20:10 | Shaman |
| 20:12 | Healing Wave |
| 20:37 | War Stomp |
| 20:57 | Shaman |
| 20:57 | Shaman |
| 20:58 | Thorium Melee Weapons |
| 21:34 | Great Hall |
| 22:15 | Grunt |
| 22:15 | Grunt |
| 22:38 | Chain Lighting |
| 23:06 | Healing Salve |
| 23:11 | Scroll of Town Portal |
| 23:14 | Lesser Clarity Potion |
| 23:41 | Tauren |
| 23:41 | Tauren |
| 23:51 | Reinforced Defenses |
| 24:00 | Healing Salve |
| 24:04 | Potion of Healing |
| 24:40 | Tauren |
| 24:40 | Tauren |
| 25:17 | Big Bad Voodoo |
| 25:45 | Earth Quake |
| 26:03 | Endurance Aura |
| 26:30 | Watch Tower |
| 26:32 | Watch Tower |
| 26:33 | Watch Tower |
| 26:35 | Watch Tower |
| 26:45 | Shaman |
| 26:45 | Shaman |
| 27:08 | Watch Tower |
| 27:37 | Watch Tower |
| 27:52 | Tauren |
| 27:52 | Tauren |
| 28:43 | Healing Salve |
| 29:02 | Watch Tower |
| 29:07 | Hex |
| 29:36 | Tauren |
| 30:21 | War Stomp |
| 31:50 | Feral Spirit |
| 32:17 | Reincarnation |
| Select | 1395 |
| Right click | 1000 |
| Misc. action | 800 |
| Build/train/purchase | 207 |
| Use ability | 84 |
| Resource trade | 29 |
| Chat | 20 |
| Minimap ping | 11 |
| Item give/drop | 5 |
| Esc | 4 |


| Scroll of Regeneration | 3 | 300 |
| Potion of Mana | 2 | 400 |
| Staff of Sanctuary | 2 | 500 |
| Orb of Fire | 1 | 325 |
| Potion of Healing | 2 | 300 |
| Scroll of Town Portal | 3 | 1050 |
| Staff of Teleportation | 2 | 300 |
| Potion of Invisibility | 1 | 100 |
| Potion of Lesser Invulnerability | 1 | 150 |
| Boots of Speed | 1 | 250 |
| Healing Salve | 1 | 100 |
| total: | 19 | 3775g |
| Peasant | 19 | 1425 | / | 0 |
| Footman | 7 | 945 | / | 0 |
| Rifleman | 1 | 205 | / | 30 |
| Dragonhawk Rider | 5 | 1000 | / | 150 |
| Gryphon Rider | 4 | 1120 | / | 280 |
| Knight | 12 | 2940 | / | 720 |
| total: | 48 | 7635g | / | 1180w |
| Scout Tower | 5 | 150 | / | 100 |
| Guard Tower | 5 | 350 | / | 250 |
| Altar of Kings | 1 | 180 | / | 50 |
| Farm | 8 | 640 | / | 160 |
| Barracks | 1 | 160 | / | 60 |
| Arcane Vault | 1 | 130 | / | 30 |
| Lumber Mill | 1 | 120 | / | 0 |
| Town Hall | 1 | 385 | / | 205 |
| Blacksmith | 1 | 140 | / | 60 |
| Gryphon Aviary | 2 | 280 | / | 300 |
| Keep | 1 | 320 | / | 210 |
| Castle | 1 | 360 | / | 210 |
| total: | 21 | 2185g | / | 965w |
| 0:03 | Peasant |
| 0:07 | Altar of Kings |
| 0:10 | Farm |
| 0:16 | Barracks |
| 0:18 | Peasant |
| 0:29 | Peasant |
| 0:44 | Peasant |
| 0:56 | Peasant |
| 1:08 | Farm |
| 1:18 | Footman |
| 1:28 | Arcane Vault |
| 1:35 | Peasant |
| 1:49 | Footman |
| 1:57 | Farm |
| 2:13 | Blizzard |
| 2:16 | Footman |
| 2:35 | Lumber Mill |
| 2:37 | Footman |
| 2:53 | Scroll of Regeneration |
| 2:59 | Footman |
| 3:04 | Farm |
| 4:09 | Brilliance Aura |
| 4:29 | Town Hall |
| 4:31 | Scout Tower |
| 4:48 | Keep |
| 4:50 | Footman |
| 5:11 | Guard Tower |
| 5:23 | Scout Tower |
| 5:34 | Footman |
| 5:42 | Improved Lumber Harvesting |
| 5:49 | Guard Tower |
| 5:52 | Scout Tower |
| 6:22 | Guard Tower |
| 6:42 | Scroll of Regeneration |
| 7:19 | Advanced Lumber Harvesting |
| 7:21 | Blacksmith |
| 7:23 | Castle |
| 7:35 | Staff of Teleportation |
| 7:36 | Potion of Invisibility |
| 8:38 | Peasant |
| 8:38 | Peasant |
| 8:38 | Peasant |
| 8:48 | Rifleman |
| 8:52 | Healing Salve |
| 9:04 | Peasant |
| 9:05 | Peasant |
| 9:42 | Gryphon Aviary |
| 9:47 | Blizzard |
| 10:28 | Gryphon Aviary |
| 10:57 | Holy Light |
| 11:37 | Dragonhawk Rider |
| 11:37 | Dragonhawk Rider |
| 11:37 | Dragonhawk Rider |
| 12:06 | Dragonhawk Rider |
| 12:06 | Dragonhawk Rider |
| 12:16 | Potion of Mana |
| 12:17 | Staff of Sanctuary |
| 12:17 | Orb of Fire |
| 12:41 | Peasant |
| 12:41 | Peasant |
| 12:41 | Peasant |
| 12:41 | Peasant |
| 13:58 | Cloud |
| 14:01 | Farm |
| 14:17 | Scroll of Town Portal |
| 15:39 | Scout Tower |
| 15:45 | Scout Tower |
| 15:51 | Guard Tower |
| 15:58 | Gryphon Rider |
| 15:59 | Gryphon Rider |
| 15:59 | Gryphon Rider |
| 16:09 | Guard Tower |
| 17:50 | Brilliance Aura |
| 18:10 | Gryphon Rider |
| 18:25 | Staff of Teleportation |
| 18:26 | Potion of Lesser Invulnerability |
| 18:27 | Boots of Speed |
| 18:33 | Potion of Healing |
| 18:42 | Knight |
| 18:42 | Knight |
| 18:42 | Knight |
| 19:20 | Potion of Healing |
| 19:45 | Knight |
| 19:45 | Knight |
| 20:11 | Knight |
| 21:19 | Farm |
| 21:21 | Farm |
| 22:09 | Divine Shield |
| 22:25 | Knight |
| 22:25 | Knight |
| 22:27 | Farm |
| 22:29 | Peasant |
| 22:29 | Peasant |
| 22:29 | Peasant |
| 22:29 | Peasant |
| 23:35 | Animal War Training |
| 23:36 | Knight |
| 23:36 | Knight |
| 23:44 | Scroll of Town Portal |
| 23:46 | Staff of Sanctuary |
| 23:46 | Scroll of Regeneration |
| 24:21 | Scroll of Town Portal |
| 24:40 | Holy Light |
| 25:11 | Potion of Mana |
| 25:20 | Blizzard |
| 25:43 | Knight |
| 25:43 | Knight |
| 28:26 | Devotion Aura |
| 31:05 | Holy Light |
| 31:41 | Mass Teleport |
| Right click | 2546 |
| Select group | 1655 |
| Select | 350 |
| Build/train/purchase | 108 |
| Use ability | 85 |
| Chat | 32 |
| Assign group | 20 |
| Minimap ping | 9 |
| Item give/drop | 2 |

| Healing Salve | 10 | 1000 |
| Scroll of Speed | 8 | 400 |
| Lesser Clarity Potion | 4 | 280 |
| Potion of Healing | 4 | 600 |
| Potion of Mana | 2 | 400 |
| Orb of Lightning | 1 | 375 |
| Scroll of Town Portal | 2 | 700 |
| Ring of Protection +4 | 1 | 300 |
| Ring of Protection +3 | 1 | 125 |
| total: | 33 | 4180g |
| Peon | 15 | 1125 | / | 0 |
| Troll Headhunter | 10 | 1400 | / | 200 |
| Demolisher | 9 | 1980 | / | 450 |
| Shaman | 9 | 1170 | / | 180 |
| Troll Berserker | 10 | 1400 | / | 200 |
| Troll Witch Doctor | 7 | 1015 | / | 175 |
| Centaur Archer | 2 | 300 | / | 20 |
| total: | 62 | 8390g | / | 1225w |
| Watch Tower | 14 | 1540 | / | 1120 |
| Altar of Storms | 1 | 180 | / | 50 |
| Orc Burrow | 8 | 1280 | / | 320 |
| Barracks | 5 | 900 | / | 250 |
| War Mill | 1 | 205 | / | 0 |
| Voodoo Lounge | 4 | 520 | / | 120 |
| Great Hall | 1 | 385 | / | 185 |
| Spirit Lodge | 1 | 150 | / | 150 |
| Stronghold | 2 | 630 | / | 380 |
| Fortress | 1 | 325 | / | 190 |
| total: | 35 | 5160g | / | 2195w |
| 0:04 | Peon |
| 0:05 | Peon |
| 0:07 | Altar of Storms |
| 0:10 | Orc Burrow |
| 0:33 | Barracks |
| 0:46 | Peon |
| 1:17 | War Mill |
| 1:25 | Peon |
| 1:43 | Voodoo Lounge |
| 1:57 | Peon |
| 2:06 | Orc Burrow |
| 2:12 | War Stomp |
| 2:28 | Troll Headhunter |
| 2:32 | Peon |
| 2:43 | Troll Headhunter |
| 3:05 | Healing Salve |
| 3:06 | Scroll of Speed |
| 3:11 | Troll Headhunter |
| 3:19 | Watch Tower |
| 3:32 | Troll Headhunter |
| 4:23 | Endurance Aura |
| 4:31 | Troll Headhunter |
| 4:32 | Stronghold |
| 4:56 | Centaur Archer |
| 5:05 | Stronghold |
| 5:10 | Orc Burrow |
| 5:17 | Lesser Clarity Potion |
| 5:29 | Steel Ranged Weapons |
| 6:02 | Endurance Aura |
| 6:17 | Healing Salve |
| 6:29 | Great Hall |
| 6:34 | Troll Headhunter |
| 8:08 | Troll Headhunter |
| 8:08 | Troll Headhunter |
| 8:36 | Lesser Clarity Potion |
| 8:39 | Scroll of Speed |
| 8:39 | Scroll of Speed |
| 8:45 | Watch Tower |
| 8:47 | Peon |
| 8:47 | Peon |
| 8:47 | Peon |
| 8:50 | Orc Burrow |
| 8:58 | Watch Tower |
| 9:00 | Watch Tower |
| 9:03 | Peon |
| 9:04 | Peon |
| 9:07 | Peon |
| 9:09 | Troll Headhunter |
| 9:13 | Healing Salve |
| 9:21 | Barracks |
| 9:24 | Peon |
| 9:24 | Peon |
| 9:42 | Centaur Archer |
| 10:03 | Demolisher |
| 10:15 | Scroll of Speed |
| 11:10 | War Stomp |
| 11:40 | Demolisher |
| 11:41 | Fortress |
| 11:53 | Thorium Ranged Weapons |
| 11:59 | Spirit Lodge |
| 12:02 | Healing Salve |
| 12:10 | Lesser Clarity Potion |
| 12:12 | Scroll of Speed |
| 12:14 | Scroll of Town Portal |
| 12:19 | Watch Tower |
| 12:30 | Watch Tower |
| 12:33 | Watch Tower |
| 12:38 | Steel Armor |
| 12:40 | Demolisher |
| 13:59 | Demolisher |
| 14:02 | Reinforced Defenses |
| 14:08 | Peon |
| 14:18 | Shaman Adept Training |
| 14:19 | Shaman |
| 14:19 | Shaman |
| 14:38 | Burning Oil |
| 15:16 | Endurance Aura |
| 16:21 | Berserker Upgrade |
| 16:21 | Troll Headhunter |
| 16:23 | Shaman Master Training |
| 16:23 | Shaman |
| 16:23 | Shaman |
| 16:23 | Shaman |
| 17:17 | Potion of Healing |
| 17:19 | Potion of Mana |
| 17:20 | Orb of Lightning |
| 17:30 | Potion of Healing |
| 18:11 | Shaman |
| 18:24 | Troll Berserker |
| 18:28 | Troll Berserker |
| 18:39 | Healing Salve |
| 18:54 | Scroll of Speed |
| 18:55 | Potion of Healing |
| 18:56 | Troll Berserker |
| 19:14 | Reincarnation |
| 20:13 | Troll Witch Doctor |
| 20:15 | Witch Doctor Adept Training |
| 20:45 | Orc Burrow |
| 20:48 | Orc Burrow |
| 20:50 | Arcanite Ranged Weapons |
| 20:51 | Thorium Armor |
| 20:52 | Spiked Barricades |
| 20:57 | Healing Salve |
| 20:57 | Healing Salve |
| 21:01 | Potion of Mana |
| 21:03 | Scroll of Speed |
| 21:24 | Witch Doctor Master Training |
| 21:26 | Troll Witch Doctor |
| 22:11 | War Stomp |
| 23:08 | Shockwave |
| 23:37 | Demolisher |
| 23:38 | Troll Witch Doctor |
| 23:43 | Troll Witch Doctor |
| 23:43 | Shaman |
| 23:44 | Shaman |
| 24:31 | Troll Berserker |
| 25:04 | Troll Berserker |
| 25:55 | Watch Tower |
| 25:55 | Watch Tower |
| 25:55 | Watch Tower |
| 25:56 | Watch Tower |
| 25:57 | Watch Tower |
| 25:57 | Watch Tower |
| 26:03 | Barracks |
| 26:06 | Voodoo Lounge |
| 26:08 | Barracks |
| 26:10 | Troll Berserker |
| 26:10 | Troll Berserker |
| 26:11 | Troll Witch Doctor |
| 26:26 | Barracks |
| 26:29 | Arcanite Armor |
| 26:53 | Troll Witch Doctor |
| 27:10 | Voodoo Lounge |
| 27:15 | Voodoo Lounge |
| 27:18 | Improved Spiked Barricades |
| 27:20 | Healing Salve |
| 27:20 | Healing Salve |
| 27:20 | Healing Salve |
| 27:28 | Potion of Healing |
| 27:29 | Scroll of Town Portal |
| 27:30 | Scroll of Speed |
| 27:35 | Lesser Clarity Potion |
| 27:43 | Demolisher |
| 27:54 | Watch Tower |
| 27:58 | Demolisher |
| 28:25 | Shockwave |
| 29:07 | Troll Regeneration |
| 29:25 | Demolisher |
| 29:28 | Troll Berserker |
| 29:31 | Orc Burrow |
| 32:13 | Demolisher |
| 32:14 | Troll Witch Doctor |
| 32:14 | Shaman |
| 33:03 | Orc Burrow |
| 33:21 | Troll Berserker |
| 33:23 | Troll Berserker |
| 35:54 | Ring of Protection +4 |
| 36:07 | Ring of Protection +3 |
| Right click | 1642 |
| Select | 544 |
| Select group | 331 |
| Build/train/purchase | 236 |
| Use ability | 74 |
| Assign group | 54 |
| Chat | 48 |
| Resource trade | 33 |
| Misc. action | 11 |
| Item give/drop | 7 |
| Minimap ping | 4 |
| Remove unit | 2 |
| Esc | 2 |